 Dungeon Crawl Stone Soup version 0.29-a0-397-g846e4a0bbc (webtiles) character file.

Game seed: 9992970643989293187

400276 Skrik the Devastator (level 22, 0/172 HPs)
             Began as a Demonspawn Conjurer on May 11, 2022.
             Was the Champion of Vehumet.
             Killed by divine providence
             ... invoked by Saint Roka
              (9 damage)
             ... on level 3 of the Depths.
             The game lasted 03:37:18 (91725 turns).

Skrik the Devastator (Demonspawn Conjurer)         Turns: 91725, Time: 03:37:19

Health: 0/172      AC: 31    Str: 17    XL:     22   Next: 26%
Magic:  37/43      EV: 11    Int: 35    God:    Vehumet [******]
Gold:   4996       SH: 25    Dex: 10    Spells: 3/55 levels left

rFire   + + .      SeeInvis .   Q - +3 Elemental Staff {rElec rF++ rC++ AC+5}
rCold   + + .      Faith    +   p - +8 tower shield
rNeg    . . .      Spirit   .   g - -2 robe "Jetup" {Int+4 Archmagi}
rPois   .          Reflect  .   s - +2 hat {Int+3}
rElec   +          Harm     .   N - +1 cloak of Gluttony {Rampage Will+ Str+2 Dex-2}
rCorr   +          Rampage  +   F - +1 pair of gloves of Inevitability {rCorr Str+2}
Will    +++..      Archmagi +   (boots unavailable)
Stlth   +.........              Z - amulet "Uhigucono" {Faith Regen+ Str+3}
HPRegen 1.18/turn               C - ring of willpower
MPRegen 0.28/turn               q - ring of the Tortoise {AC+8}

@: sanguine armoured, spewing sludge, very slow
A: hooves 3, foul stench 3, spiny 3, sanguine armour 3
}: 2/15 runes: decaying, gossamer
a: Renounce Religion


You were on level 3 of the Depths.
You worshipped Vehumet.
Vehumet was exalted by your worship.
You visited 9 branches of the dungeon, and saw 42 of its levels.
You also visited: Bailey and Ice Cave.

You collected 6888 gold pieces.
You spent 1892 gold pieces at shops.

Inventory:

Hand Weapons
 Q - the +3 Elemental Staff (weapon) {rElec rF++ rC++ AC+5}
   (You took it off a deep elf pyromancer on level 10 of the Dungeon)

   If the wielder is skilled in Evocations, they can discharge powerful blasts
   of elemental energy when striking with it.
   It enhances your fire, ice, earth and air magic.
   AC:        It affects your AC (+5).
   rF:        It greatly protects you from fire.
   rC:        It greatly protects you from cold.
   rElec:     It insulates you from electricity.
Missiles
 y - 3 throwing nets {!f}
Armour
 g - the -2 robe "Jetup" (worn) {Int+4 Archmagi}
   (You found it on level 2 of the Spider Nest)

   Int:       It affects your intelligence (+4).
   Archmagi:  It increases the power of your magical spells.
 p - a +8 tower shield (worn)
   (You took it off a vault warden on level 4 of the Vaults)
 s - a +2 hat of intelligence (worn)
   (You found it on level 4 of the Spider Nest)
 F - the +1 pair of gloves of Inevitability (worn) {rCorr Str+2}
   (You found it on level 2 of the Spider Nest)

   Str:       It affects your strength (+2).
   rCorr:     It protects you from acid and corrosion.
 J - a +1 scale mail of cold resistance
   (You took it off a tengu reaver on level 2 of the Depths)
 N - the +1 cloak of Gluttony (worn) {Rampage Will+ Str+2 Dex-2}
   (You found it on level 3 of the Swamp)

   Str:       It affects your strength (+2).
   Dex:       It affects your dexterity (-2).
   Rampage:   It bestows one free step when moving towards enemies.
   Will:      It increases your willpower.
Jewellery
 i - a ring of protection from fire
   (You took it off a rakshasa on level 2 of the Depths)
 q - the ring of the Tortoise (right hand) {AC+8}
   (You took it off a deep elf elementalist on level 3 of the Elven Halls)

   [ring of protection]

   AC:        It affects your AC (+8).
 z - a ring of see invisible
   (You found it on level 15 of the Dungeon)
 C - a ring of willpower (left hand)
   (You found it on level 6 of the Dungeon)
 D - the ring "Takamat" {Fly rPois Str+3 Int-2}
   (You bought it in a shop on level 3 of the Elven Halls)

   [ring of flight]

   Str:       It affects your strength (+3).
   Int:       It affects your intelligence (-2).
   rPois:     It protects you from poison.
   Fly:       It grants you flight.
 Z - the amulet "Uhigucono" (around neck) {Faith Regen+ Str+3}
   (You found it on level 1 of the Swamp)

   [amulet of faith]

   It allows you to gain divine favour quickly.
   Str:       It affects your strength (+3).
   Regen:     It increases your rate of health regeneration.
Wands
 d - a wand of iceblast (22)
   (You found it on level 9 of the Dungeon)
 o - a wand of polymorph (6)
   (You found it on level 2 of the Depths)
 t - a wand of flame (71)
   (You found it on level 2 of the Dungeon)
 u - a wand of paralysis (18)
   (You took it off a boggart on level 6 of the Lair of Beasts)
 v - a wand of digging (21)
   (You found it on level 10 of the Dungeon)
 A - a wand of mindburst (18)
   (You found it on level 5 of the Dungeon)
 P - a wand of charming (17)
   (You took it off an orc warrior on level 10 of the Dungeon)
Scrolls
 c - 6 scrolls of poison {!r}
 j - 8 scrolls of fog
 m - a scroll of enchant armour
 r - 25 scrolls of teleportation {@r4}
 w - a scroll of magic mapping
 B - 9 scrolls of blinking
 G - 10 scrolls of fear
 I - 2 scrolls of silence
 K - 4 scrolls of torment {!r}
 M - 5 scrolls of vulnerability {!r}
 R - 4 scrolls of immolation {!r}
 Y - a scroll of summoning
Potions
 a - 8 potions of mutation {!q}
 b - 2 potions of magic
 f - 2 potions of cancellation
 k - 16 potions of curing {@q1}
 l - 12 potions of flight
 n - 4 potions of brilliance
 x - 3 potions of haste {@q3}
 H - 2 potions of resistance
 O - 4 potions of heal wounds {@q2}
 S - 2 potions of berserk rage
 U - 3 potions of invisibility
 V - 6 potions of lignification {!q}
 W - 5 potions of might
Miscellaneous
 e - a lightning rod (4/4) {!a}
   (You found it on level 3 of the Elven Halls)
 h - a condenser vane
   (You found it on level 3 of the Elven Halls)
 E - a phantom mirror
   (You found it on level 3 of the Elven Halls)
 L - a box of beasts
   (You found it on level 1 of the Vaults)


   Skills:
 - Level 14.1 Fighting
 - Level 5.0 Staves
 - Level 6.0 Dodging
 - Level 4.0 Stealth
 * Level 14.7 Shields
 - Level 17.0 Spellcasting
 - Level 17.9 Conjurations
 - Level 10.0 Hexes
 - Level 4.7 Summonings
 - Level 5.0 Translocations
 - Level 13.0 Transmutations
 + Level 14.4 Air Magic
 - Level 5.8 Poison Magic
 - Level 7.0 Evocations


You had 3 spell levels left.
You knew the following spells:

 Your Spells              Type           Power      Damage    Failure   Level
a - Magic Dart            Conj           100%       1d8       0%          1
b - Eringya's Noxious Bo  Tmut/Pois      48%        N/A       4%          6
c - Conjure Ball Lightni  Conj/Air       72%        3x3d27    1%          6
d - Irradiate             Conj/Tmut      59%        3d33      1%          5
e - Spellforged Servitor  Conj/Summ      52%        N/A       10%         7
f - Maxwell's Capacitive  Air            69%        ∞         21%         8
g - Blink                 Tloc           100%       N/A       1%          2
h - Airstrike             Air            69%        N/A       1%          4
s - Searing Ray           Conj           100%       2d8       0%          2
x - Iskenderun's Mystic   Conj/Tloc      100%       2d19      1%          4
Z - Orb of Destruction    Conj           62%        9d15      1%          7

Your spell library contained the following spells:

 Spells                   Type           Power      Damage    Failure   Level
 Ignition                 Fire           30%        3d10      100%        8
 Polar Vortex             Ice            30%        N/A       100%        9
 Beastly Appendage        Tmut           100%       N/A       1%          1
 Foxfire                  Conj/Fire      100%       2x1d9     1%          1
 Summon Small Mammal      Summ           100%       N/A       1%          1
 Corpse Rot               Necr/Air       100%       N/A       1%          2
 Poisonous Vapours        Pois/Air       100%       N/A       1%          2
 Scorch                   Fire           100%       2d10      1%          2
 Wereblood                Tmut           100%       N/A       1%          2
 Call Canine Familiar     Summ           76%        N/A       1%          3
 Conjure Flame            Conj/Fire      100%       6-21      1%          3
 Dazzling Flash           Conj/Hex       100%       N/A       1%          3
 Gell's Gravitas          Tloc           77%        N/A       1%          3
 Inner Flame              Hex/Fire       98%        N/A       1%          3
 Lesser Beckoning         Tloc           77%        N/A       1%          3
 Mephitic Cloud           Conj/Pois/Air  100%       N/A       1%          3
 Spider Form              Tmut/Pois      97%        N/A       1%          3
 Summon Guardian Golem    Hex/Summ       89%        N/A       1%          3
 Teleport Other           Tloc           77%        N/A       1%          3
 Tukima's Dance           Hex            99%        N/A       1%          3
 Frozen Ramparts          Ice            100%       1d12      3%          3
 Sublimation of Blood     Necr           44%        N/A       7%          2
 Ozocubu's Armour         Ice            61%        N/A       13%         3
 Cause Fear               Hex            49%        N/A       1%          4
 Flame Wave               Conj/Fire      100%       2d17      1%          4
 Fulminant Prism          Conj/Hex       56%        3d25      1%          4
 Summon Lightning Spire   Summ/Air       100%       N/A       1%          4
 Fireball                 Conj/Fire      59%        3d23      1%          5
 Iskenderun's Battlesphe  Conj           100%       2d15      1%          5
 Lightning Bolt           Conj/Air       72%        1d97      1%          5
 Alistair's Intoxication  Tmut/Pois      64%        N/A       2%          5
 Ice Form                 Ice/Tmut       100%       N/A       3%          4
 Anguish                  Hex/Necr       38%        N/A       5%          4
 Leda's Liquefaction      Hex/Erth       49%        N/A       5%          4
 Summon Mana Viper        Hex/Summ       89%        N/A       6%          5
 Storm Form               Tmut/Air       68%        N/A       14%         7
 Manifold Assault         Tloc           77%        N/A       16%         5
 Animate Armour           Summ/Erth      100%       N/A       17%         4
 Summon Ice Beast         Ice/Summ       81%        N/A       17%         4
 Summon Forest            Summ/Tloc      38%        N/A       17%         5
 Lee's Rapid Deconstruct  Erth           30%        3d17*     30%         5
 Animate Dead             Necr           22%        N/A       41%         4
 Statue Form              Tmut/Erth      70%        N/A       43%         6
 Enfeeble                 Hex            49%        N/A       52%         7
 Dispersal                Tloc           38%        N/A       65%         6
 Summon Cactus Giant      Summ           38%        N/A       67%         6
 Borgnjor's Vile Clutch   Necr/Erth      30%        N/A       77%         5
 Malign Gateway           Summ/Tloc      38%        N/A       99%         7
 Summon Hydra             Summ           38%        N/A       99%         7
 Discord                  Hex            49%        N/A       99%         8
 Death Channel            Necr           22%        N/A       100%        6
 Simulacrum               Ice/Necr       30%        N/A       100%        6
 Haunt                    Necr/Summ      31%        N/A       100%        7
 Ozocubu's Refrigeration  Ice            30%        4d11      100%        7
 Disjunction              Tloc           38%        N/A       100%        8
 Infestation              Necr           22%        N/A       100%        8
 Summon Horrible Things   Summ           38%        N/A       100%        8


Dungeon Overview and Level Annotations

Branches:
Dungeon (15/15)            Temple (1/1) D:5            Lair (6/6) D:11
  Swamp (4/4) Lair:2       Spider (4/4) Lair:4        Slime (0/5) Lair:5
    Orc (2/2) D:10            Elf (3/3) Orc:2        Vaults (4/5) D:14
  Crypt (0/3) Vaults:3     Depths (3/4) D:15         Bailey (visited)
  IceCv (visited)

Altars:
Ashenzari
Cheibriados
Dithmenos
Elyvilon
Fedhas
Gozag
Hepliaklqana
Kikubaaqudgha
Makhleb
Nemelex Xobeh
Okawaru
Qazlal
Ru
Sif Muna
Trog
Uskayaw
Vehumet
Wu Jian
Xom
Yredelemnul
Zin
The Shining One
Beogh

Shops:
D:9 ?   Orc:2 !:*=   Elf:3 =::   Vaults:3 (   Vaults:4 :

Portals:
Hell: Depths:1 Depths:2
Pandemonium: Depths:2
Ziggurat: Depths:2

Annotations:
D:2 Terence
D:8 6 runed translucent doors, exclusion: door
Lair:5 exclusion: 3 oklob plants
Elf:2 5 runed translucent doors
Vaults:2 2 transporters, exclusion: orange crystal statue
Depths:3 Saint Roka


Innate Abilities, Weirdness & Mutations

You have hooves in place of feet.
You frequently emit foul miasma when damaged in melee.
You are completely covered in sharp spines.
When seriously injured, your blood forms very thick armour. (AC +12)


Message History

The orc warrior festers in the toxic bog!
The orc warrior looks as sick as possible!
The orc festers in the toxic bog!
The orc looks as sick as possible!
You kill the orc!
Vehumet accepts your kill.
You feel your power returning.
The orc warrior festers in the toxic bog!
The orc warrior looks as sick as possible!
Saint Roka roars a battlecry!
The orcs go into a battle-frenzy!
You feel a strong surge of power!
You create some ball lightning! 3 ball lightnings come into view.
The juggernaut festers in the toxic bog!
The juggernaut looks as sick as possible!
Your ball lightning explodes!
The blast of lightning engulfs the orc warrior!!!
You kill the orc warrior!
Vehumet accepts your kill.
You feel your power returning.
The blast of lightning engulfs your ball lightning.
Your ball lightning completely resists.
The blast of lightning engulfs the orc!!!
You kill the orc!
Vehumet accepts your kill.
You feel your power returning.
The blast of lightning engulfs Saint Roka!!
Your ball lightning explodes!
The blast of lightning engulfs you! You resist.
* * * LOW HITPOINT WARNING * * *
The blast of lightning engulfs the orc warrior!!
You kill the orc warrior!
Vehumet accepts your kill.
You feel your power returning.
The blast of lightning engulfs the juggernaut!!!
The juggernaut festers in the toxic bog!
The juggernaut looks as sick as possible!
Your ball lightning explodes!
The blast of lightning engulfs the juggernaut!!!
The blast of lightning engulfs you! You resist.
* * * LOW HITPOINT WARNING * * *
The juggernaut festers in the toxic bog!
The juggernaut looks as sick as possible!
The juggernaut hits you!!!
* * * LOW HITPOINT WARNING * * *
You emit a cloud of foul miasma!
The juggernaut becomes momentarily stuck in the toxic bog.
Saint Roka festers in the toxic bog!
Saint Roka looks as sick as possible!
Saint Roka invokes the aid of Beogh against you.
Beogh smites you!
You die...

*,,**,*,*,*,**,*,,,,,*,*,,,,,,,*,
,*,*,,,*,*,,,*,*#####*,*,****#.*,
,,***,*,,,*,**,,....,,,*,,,,...,,
********.#########.#########.##**
,,,,,,,,$......................,,
*,,,,,,,...≈≈≈≈≈≈[≈≈.........#***
***,,,,,...≈≈≈≈≈≈≈≈)........#* *
**,,,,...≈≈)≈C≈≈)###......#****
**,,,...)≈≈≈≈@≈≈...#<#,**,.,,,
**,,,,...))≈≈≈†≈.).)..##....,,,
*,,,,,...o)≈≈)..##..........**,
*,,,,,...≈)≈..######........***
***,,,,,...≈..###****###......***
*,,,,,,,....##**,,**,,**##....**,
,*,*,,,,....**,,,,**,,,,**....**,
,,*,,,,,#..,,,,,,,**,,,,**,...**,
,*,*,,,,**,,,,,,,,**,,,,**,,..**,


You could see Saint Roka (extremely poisoned) and a juggernaut (extremely
poisoned).

Vanquished Creatures
  An ancient lich (Vaults:1)
  A golden dragon (Depths:2)
  Jorgrun (Orc:2)
  Zenata (Vaults:4)
  Mlioglotl (Spider:1)
  Asterion (Elf:1)
  2 deep elf master archers (Elf:3)
  2 deep elf blademasters (Elf:3)
  Agnes (Spider:1)
  A shadow dragon (Depths:2)
  2 tengu reavers
  A storm dragon (Depths:3)
  Kirke (D:14)
  Roxanne (Spider:1)
  3 sphinxes
  A thorn hunter (Swamp:2)
  6 frost giants
  2 deep elf sorcerers (Elf:3)
  5 emperor scorpions (Spider:4)
  4 vault wardens
  Aizul (Elf:1)
  5 ghost moths
  2 balrugs (Depths:2)
  2 iron dragons (Depths:2)
  An orc warlord (Orc:2)
  3 deep elf elementalists (Elf:3)
  A juggernaut skeleton (Depths:1)
  A war gargoyle (Vaults:3)
  10 very ugly things
  2 spriggan defenders (Depths:3)
  A ghoul (Vaults:3)
  2 broodmothers (Spider:4)
  11 ironbound preservers
  3 ironbound thunderhulks
  8 stone giants
  4 eleionomae
  6 deep elf demonologists (Elf:3)
  2 vampire knights
  Nessos (Orc:2)
  5 entropy weavers
  3 bunyips
  Azrael (Orc:2)
  17 dire elephants
  6 deep elf annihilators
  3 spark wasps
  A blizzard demon (Depths:2)
  6 ettins
  Snorg (D:13)
  5 deep elf death magi (Elf:3)
  3 deep elf high priests
  11 yaktaur captains
  4 great orbs of eyes
  5 fire dragons
  A hell beast (Depths:2)
  3 spriggan air magi
  7 boulder beetles
  2 catoblepae (Lair:6)
  14 hydras
  A rakshasa (Depths:2)
  2 peacekeepers (Vaults:3)
  2 vault guards (D:14)
  7 ice dragons
  An ogre mage (D:15)
  9 centaur warriors
  3 ghost crabs
  10 ironbound frosthearts
  9 two-headed ogres
  7 alligators
  14 dancing weapons
  A deep troll shaman (Depths:1)
  10 death yaks
  2 radroaches
  4 tengu warriors
  A death scarab (Spider:4)
  A vampire mage (Depths:3)
  5 deep troll earth magi
  A spriggan berserker (Swamp:1)
  13 deep elf knights
  5 orc high priests
  A soul eater (Depths:2)
  3 iron trolls
  A sixfirhy (Depths:2)
  7 pharaoh ants
  2 sun moths (Spider:2)
  9 goliath frogs
  52 deep trolls
  8 steelbarb worms
  8 swamp dragons
  2 spriggan druids
  A glowing orange brain (Vaults:3)
  A flayed ghost (Depths:2)
  An orange crystal statue (Elf:1)
  7 deep elf archers
  10 orb spiders
  3 necromancers
  12 bog bodies
  12 wizards
  9 lindwurms
  5 orc knights
  3 harpies (Vaults:1)
  24 deep elf pyromancers
  6 ironbound convokers
  35 ugly things
  2 will-o-the-wisps
  22 deep elf zephyrmancers
  7 orc sorcerers
  17 wolf spiders
  4 cyclopes
  A tengu skeleton (Vaults:4)
  23 elephants
  4 moths of wrath
  A faun (shapeshifter) (Depths:2)
  2 manticores
  8 vault sentinels
  A stone giant skeleton (Vaults:4)
  3 black mambas
  3 ice statues
  2 gargoyles
  6 torpor snails
  A rime drake (Lair:4)
  2 kobold demonologists (D:14)
  10 komodo dragons
  7 cane toads
  A tengu conjurer (D:15)
  An unseen horror (shapeshifter) (Elf:3)
  2 human zombies (Vaults:4)
  12 demonic crawlers
  2 freezing wraiths
  27 yaktaurs
  An ice devil (Depths:2)
  An efreet (D:14)
  A spriggan skeleton (Depths:1)
  A queen bee (shapeshifter) (Elf:1)
  3 meliai (Spider:3)
  A hellwing (Depths:2)
  2 bloated husks
  20 hornets
  5 trolls
  21 tarantellas
  10 polar bears
  28 slime creatures
  A nameless horror (Elf:1)
  5 tyrant leeches
  A tengu simulacrum (Depths:1)
  A sphinx simulacrum (Vaults:4)
  11 blink frogs
  Prince Ribbit (D:5)
  2 dream sheep (Lair:6)
  18 culicivoras
  A frost giant simulacrum (Depths:1)
  A jumping spider (shapeshifter) (Elf:2)
  33 jumping spiders
  A centaur simulacrum (D:15)
  A water elemental (D:11)
  2 air elementals
  A shadow (D:7)
  45 yaks
  Eustachio (D:5)
  21 spriggans
  6 wyverns
  7 wraiths
  A dire elephant simulacrum (IceCv)
  A chaos spawn (Depths:2)
  6 fire elementals
  A hog (shapeshifter) (Elf:3)
  78 redbacks
  5 basilisks
  4 hogs (D:14)
  4 steam dragons
  19 humans (D:14)
  18 vampire mosquitoes
  A death yak simulacrum (IceCv)
  17 swamp worms
  2 wargs (Depths:3)
  15 water moccasins
  An acid dragon (D:12)
  Duvessa (D:5)
  6 ice beasts
  5 hell hounds (Orc:2)
  57 orc warriors
  10 swamp drakes
  3 sky beasts
  A black bear (shapeshifter) (Elf:3)
  6 black bears
  8 ogres
  5 boggarts (Lair:6)
  32 wolves
  7 centaurs
  A phantom (D:4)
  6 kobold brigands
  8 bullfrogs
  4 earth elementals
  2 necrophages (D:8)
  2 scorpions
  3 wights (D:10)
  Dowan (D:5)
  8 killer bees
  12 electric eels
  8 howler monkeys
  2 hounds
  2 jellies (D:7)
  28 orc priests
  3 iguanas
  29 orc wizards
  A polar bear simulacrum (IceCv)
  A wolf simulacrum (IceCv)
  8 gnolls
  7 adders
  3 shadow imps
  6 white imps
  An ufetubus (D:6)
  2 dart slugs
  124 orcs
  10 endoplasms
  3 giant cockroaches
  9 goblins
  6 hobgoblins
  4 jackals (D:2)
  3 quokkas
  3 ball pythons
  5 bats
  5 frilled lizards
  44 kobolds
  4 rats
  3 ball lightnings
  14 briar patches (Swamp:3)
  A bush (Lair:5)
  A fulminant prism (Lair:5)
  A starspawn tentacle (Spider:2)
1659 creatures vanquished.

Vanquished Creatures (collateral kills)
  the Lernaean hydra (Swamp:4)
  An ironbound preserver (Vaults:2)
  A very ugly thing (Vaults:4)
  A deep elf demonologist (Elf:1)
  4 dire elephants
  A great orb of eyes (Vaults:2)
  3 hydras
  A ghost crab (Swamp:3)
  An alligator (Swamp:1)
  A bog body (Swamp:1)
  A goliath frog (Swamp:1)
  2 lindwurms
  2 deep trolls
  4 swamp dragons
  A deep elf zephyrmancer (Elf:1)
  An ironbound convoker (Vaults:1)
  4 yaktaurs
  A hornet (Swamp:1)
  A slime creature (Vaults:1)
  A spriggan (Swamp:1)
  A swamp worm (Swamp:3)
  25 ball lightnings
59 creatures vanquished.

Vanquished Creatures (others)
  A bloated husk (Swamp:4)
  A yak (Lair:6)
  562 ball lightnings
  A bush (Lair:6)
  13 foxfires
  273 fulminant prisms
  80 fungi
  85 plants
  2 starspawn tentacles (Spider:1)
1018 creatures vanquished.

Grand Total: 2736 creatures vanquished

Notes
Turn   | Place    | Note
-------+----------+-------------------------------------------
     0 | D:1      | Skrik the Demonspawn Conjurer began the quest for the Orb.
     0 | D:1      | Reached XP level 1. HP: 13/13 MP: 3/3
   221 | D:1      | Found a faded altar of an unknown god.
   625 | D:1      | Gained mutation: When seriously injured, your blood forms
                  | armour. (AC +12) [demonic ancestry]
   625 | D:1      | Reached XP level 2. HP: 18/19 MP: 0/5
   802 | D:1      | Learned a level 2 spell: Searing Ray
  1690 | D:2      | Reached skill level 5 in Conjurations
  1793 | D:2      | Gained mutation: You are partially covered in sharp spines.
                  | [demonic ancestry]
  1793 | D:2      | Reached XP level 3. HP: 24/24 MP: 3/6
  2572 | D:2      | Noticed Terence
  2572 | D:2      | You fall into a shaft and drop 1 floor!
  2572 | D:3      | Noticed a scorpion
  2586 | D:3      | Killed a scorpion
  2587 | D:3      | Reached skill level 1 in Fighting
  2587 | D:3      | Gained mutation: You have large cloven feet. [demonic
                  | ancestry]
  2587 | D:3      | Reached XP level 4. HP: 33/33 MP: 1/8
  3223 | D:3      | Gained mutation: You have hoof-like feet. [demonic
                  | ancestry]
  3223 | D:3      | Reached XP level 5. HP: 38/38 MP: 4/9
  4538 | D:4      | Noticed a phantom
  4544 | D:4      | Noticed an ogre
  4546 | D:4      | Killed a phantom
  4547 | D:4      | Reached XP level 6. HP: 36/46 MP: 2/10
  5410 | D:4      | Learned a level 4 spell: Fulminant Prism
  5540 | D:4      | Reached skill level 1 in Hexes
  5540 | D:4      | Gained mutation: You may rarely emit foul miasma when
                  | damaged in melee. [demonic ancestry]
  5540 | D:4      | Reached XP level 7. HP: 54/54 MP: 5/11
  6014 | D:5      | Entered Level 5 of the Dungeon
  6095 | D:5      | Identified the +4 flail of Growth {chaos, Dex+6}
  6205 | D:5      | Found a staircase to the Ecumenical Temple.
  6306 | Temple   | Entered the Ecumenical Temple
  6620 | Temple   | Became a worshipper of Vehumet
  6978 | D:5      | Noticed Duvessa
  6978 | D:5      | Noticed Dowan
  6991 | D:5      | Killed Duvessa
  7147 | D:5      | Killed Dowan
  7193 | D:5      | Noticed Prince Ribbit
  7200 | D:5      | Killed Prince Ribbit
  7604 | D:5      | Noticed Eustachio
  7613 | D:5      | Killed Eustachio
  7614 | D:5      | Gained mutation: When seriously injured, your blood forms
                  | thick armour. (AC +12) [demonic ancestry]
  7614 | D:5      | Reached XP level 8. HP: 58/60 MP: 0/12
  7825 | D:5      | Reached skill level 5 in Hexes
  8637 | D:6      | Reached * piety under Vehumet
  8637 | D:6      | Offered knowledge of Freeze by Vehumet.
  9769 | D:6      | Noticed a boulder beetle
  9789 | D:6      | Killed a boulder beetle
  9790 | D:6      | Reached skill level 5 in Fighting
  9790 | D:6      | Gained mutation: You have hooves in place of feet. [demonic
                  | ancestry]
  9790 | D:6      | Reached XP level 9. HP: 34/68 MP: 8/15
  9818 | D:6      | Learned a level 4 spell: Iskenderun's Mystic Blast
 10192 | D:7      | Reached skill level 1 in Translocations
 10382 | D:7      | Found a sand-covered staircase.
 10628 | D:7      | Noticed a two-headed ogre
 10634 | D:7      | Reached skill level 10 in Conjurations
 10640 | D:7      | Killed a two-headed ogre
 10726 | D:7      | Noticed a manticore
 10732 | D:7      | Killed a manticore
 10733 | D:7      | Reached XP level 10. HP: 28/79 MP: 15/16
 11501 | D:7      | Learned a level 4 spell: Ice Form
 11603 | D:8      | Reached skill level 1 in Transmutations
 11654 | D:8      | Reached ** piety under Vehumet
 11655 | D:8      | Offered knowledge of Foxfire by Vehumet.
 12591 | D:8      | Found a runed translucent door.
 12604 | D:8      | Found a runed translucent gate.
 12664 | D:8      | Found a runed translucent gate.
 12664 | D:8      | Identified the +0 hat of the Ubiquitous God {Harm rN+++
                  | Regen+ Str-2}
 12669 | D:8      | Found a runed translucent gate.
 12669 | D:8      | Found a runed translucent gate.
 12669 | D:8      | Found a runed translucent gate.
 12669 | D:8      | Noticed a boulder beetle
 12669 | D:8      | Noticed a lindwurm
 12673 | D:8      | Reached skill level 5 in Dodging
 12794 | D:8      | Found a runed translucent gate.
 12953 | D:9      | Found Nod Ucs's Magic Scroll Boutique.
 12956 | D:9      | Bought 3 scrolls of fear for 136 gold pieces
 13108 | D:9      | Offered knowledge of Mephitic Cloud by Vehumet.
 14186 | D:9      | Reached *** piety under Vehumet
 14839 | D:9      | Learned a level 3 spell: Mephitic Cloud
 14958 | D:10     | Entered Level 10 of the Dungeon
 14970 | D:10     | Gained mutation: When seriously injured, your blood forms
                  | very thick armour. (AC +12) [demonic ancestry]
 14970 | D:10     | Reached XP level 11. HP: 82/89 MP: 17/17
 14982 | D:10     | Found a flagged portal.
 14983 | D:10     | Noticed a centaur warrior
 14992 | D:10     | Killed a centaur warrior
 14993 | D:10     | Reached skill level 10 in Fighting
 15035 | D:10     | Noticed a two-headed ogre
 15037 | Bailey   | Entered a bailey
 15287 | Bailey   | Offered knowledge of Sticky Flame by Vehumet.
 15700 | Bailey   | Reached skill level 5 in Spellcasting
 16347 | D:10     | Killed a two-headed ogre
 16527 | D:10     | Noticed a deep elf pyromancer
 17097 | D:10     | Found a staircase to the Orcish Mines.
 17434 | D:10     | Killed a deep elf pyromancer
 17693 | D:10     | Reached skill level 5 in Translocations
 18118 | D:10     | Found the +15 Maxwell's patent armour {-Cast -Tele rElec
                  | Will+ rCorr}
 18552 | D:10     | Noticed a two-headed ogre
 18560 | D:10     | Killed a two-headed ogre
 18929 | D:11     | Reached **** piety under Vehumet
 19060 | D:11     | Reached skill level 1 in Evocations
 19687 | D:11     | Found Igaibleb's General Store.
 19782 | D:11     | Found a staircase to the Lair.
 20235 | Lair:1   | Entered Level 1 of the Lair of Beasts
 20738 | Lair:1   | Reached XP level 12. HP: 84/97 MP: 15/22
 21445 | Lair:1   | Noticed an eight-headed hydra
 21455 | Lair:1   | Killed an eight-headed hydra
 22151 | Lair:2   | Noticed a boulder beetle
 22781 | Lair:2   | Killed a boulder beetle
 22781 | Lair:2   | Offered knowledge of Airstrike by Vehumet.
 23137 | Lair:2   | Found a staircase to the Swamp.
 24315 | Lair:3   | Reached skill level 10 in Spellcasting
 24786 | Lair:4   | Noticed a death yak
 24804 | Lair:4   | Noticed a death yak
 24805 | Lair:4   | Noticed a death yak
 24806 | Lair:4   | Noticed a death yak
 24820 | Lair:4   | Killed a death yak
 25389 | Lair:4   | Found a hole to the Spider Nest.
 26082 | Lair:4   | Gained mutation: You sometimes emit foul miasma when
                  | damaged in melee. [demonic ancestry]
 26082 | Lair:4   | Reached XP level 13. HP: 87/106 MP: 27/27
 27005 | Lair:5   | Reached ***** piety under Vehumet
 27238 | Lair:5   | Found a frozen archway.
 27248 | Lair:5   | Offered knowledge of Olgreb's Toxic Radiance by Vehumet.
 27358 | IceCv    | Entered an ice cave
 27536 | IceCv    | Found a transporter.
 27546 | IceCv    | Found a transporter.
 27837 | Lair:5   | Reached skill level 15 in Conjurations
 30464 | Lair:5   | Found a staircase to the Slime Pits.
 30512 | Lair:6   | Entered Level 6 of the Lair of Beasts
 30591 | Lair:6   | Reached XP level 14. HP: 47/114 MP: 6/28
 31305 | Lair:6   | Offered knowledge of Eringya's Noxious Bog by Vehumet.
 31330 | Lair:6   | Learned a level 6 spell: Eringya's Noxious Bog
 34361 | D:12     | Reached skill level 1 in Poison Magic
 34373 | D:12     | Found a blossoming altar of Fedhas.
 34943 | D:13     | Noticed Snorg
 34956 | D:13     | Killed Snorg
 35466 | D:14     | Reached skill level 5 in Transmutations
 36474 | D:14     | Noticed Kirke
 36503 | D:14     | Killed Kirke
 37405 | D:14     | Identified the +7 broad axe of Yredelemnul's Whim {drain,
                  | Int+2}
 37417 | D:14     | Gained mutation: You frequently emit foul miasma when
                  | damaged in melee. [demonic ancestry]
 37417 | D:14     | Reached XP level 15. HP: 120/123 MP: 18/29
 37649 | D:14     | Found a gate to the Vaults.
 38001 | D:15     | Entered Level 15 of the Dungeon
 38353 | D:15     | Found a staircase to the Depths.
 39553 | D:15     | Reached skill level 5 in Poison Magic
 39882 | D:15     | Upgraded the game from 0.29-a0-393-g47a863cc1b to
                  | 0.29-a0-397-g846e4a0bbc
 40008 | Orc:1    | Entered Level 1 of the Orcish Mines
 41159 | Orc:2    | Entered Level 2 of the Orcish Mines
 41469 | Orc:2    | Noticed Nessos
 41476 | Orc:2    | Killed Nessos
 41479 | Orc:2    | Offered knowledge of Iron Shot by Vehumet.
 41852 | Orc:2    | Noticed Jorgrun
 41865 | Orc:2    | Killed Jorgrun
 42650 | Orc:2    | Noticed an orc warlord
 42664 | Orc:2    | Killed an orc warlord
 43025 | Orc:2    | Noticed Azrael
 43040 | Orc:2    | Reached ****** piety under Vehumet
 43045 | Orc:2    | Killed Azrael
 43313 | Orc:2    | Reached skill level 10 in Transmutations
 43739 | Orc:2    | Found Roipamiu's Book Shoppe.
 43788 | Orc:2    | Bought a book of the Spheres for 756 gold pieces
 43795 | Orc:2    | Learned a level 6 spell: Conjure Ball Lightning
 43801 | Orc:2    | Learned a level 5 spell: Iskenderun's Battlesphere
 43900 | Orc:2    | Offered knowledge of Lee's Rapid Deconstruction by Vehumet.
 43953 | Orc:2    | Found a staircase to the Elven Halls.
 44078 | Orc:2    | Identified the ring of Qyck {Fly Int+3}
 44258 | Orc:2    | Reached skill level 1 in Air Magic
 44544 | Orc:2    | Found Ipniokik's Jewellery Boutique.
 44711 | Orc:2    | Found Nevvatull's General Store.
 45079 | Orc:2    | Found Runt's Distillery.
 45088 | Orc:2    | Bought a potion of experience for 600 gold pieces
 45088 | Orc:2    | Reached skill level 5 in Air Magic
 45088 | Orc:2    | Reached XP level 16. HP: 130/130 MP: 31/31
 45418 | Spider:1 | Entered Level 1 of the Spider Nest
 45418 | Spider:1 | Noticed Agnes
 45423 | Spider:1 | Killed Agnes
 46896 | Spider:1 | Noticed Roxanne
 46903 | Spider:1 | Reached XP level 17. HP: 105/136 MP: 20/33
 46917 | Spider:1 | Offered knowledge of Irradiate by Vehumet.
 47088 | Spider:1 | Learned a level 7 spell: Orb of Destruction
 47253 | Spider:1 | Killed Roxanne
 48240 | Spider:1 | Learned a level 5 spell: Irradiate
 49564 | Spider:2 | Identified the -2 robe "Jetup" {Int+4 Archmagi}
 49567 | Spider:2 | Identified the +1 pair of gloves of Inevitability {rCorr
                  | Str+2}
 49744 | Spider:2 | Noticed Mlioglotl
 50076 | Spider:1 | Killed Mlioglotl
 52388 | Spider:3 | Offered knowledge of Starburst by Vehumet.
 53756 | Spider:4 | Entered Level 4 of the Spider Nest
 53870 | Spider:4 | Reached skill level 10 in Hexes
 54626 | Spider:4 | Offered knowledge of Spellforged Servitor by Vehumet.
 55363 | Spider:4 | Gained mutation: You are mostly covered in sharp spines.
                  | [demonic ancestry]
 55363 | Spider:4 | Reached XP level 18. HP: 132/145 MP: 30/34
 56331 | Spider:4 | Got a gossamer rune of Zot
 56714 | Vaults:1 | Entered Level 1 of the Vaults
 56727 | Vaults:1 | Learned a level 7 spell: Spellforged Servitor
 56987 | Vaults:1 | Reached skill level 1 in Summonings
 57855 | Vaults:1 | Identified the +3 dire flail of Cheibriados, Brewing
                  | {protect, rPois}
 58062 | Vaults:1 | Identified a scroll of acquirement
 59391 | Vaults:1 | Offered knowledge of Polar Vortex by Vehumet.
 59391 | Vaults:1 | Offered knowledge of Ignition by Vehumet.
 59391 | Vaults:1 | Offered knowledge of Maxwell's Capacitive Coupling by
                  | Vehumet.
 60034 | Vaults:1 | Noticed an ancient lich
 60040 | Vaults:1 | Killed an ancient lich
 61305 | Vaults:1 | Acquired 847 gold pieces
 62120 | Vaults:2 | Reached skill level 15 in Spellcasting
 62282 | Vaults:2 | Found a transporter.
 62282 | Vaults:2 | Noticed a tentacled monstrosity
 62291 | Vaults:2 | Found a transporter.
 62535 | Vaults:2 | Reached XP level 19. HP: 116/152 MP: 21/38
 64316 | Vaults:2 | Learned a level 8 spell: Maxwell's Capacitive Coupling
 64379 | Vaults:2 | Noticed an iron giant
 64379 | Vaults:2 | a shadow dragon changed into an iron giant
 65913 | Vaults:3 | Found Beapemyj's Antique Weapon Emporium.
 66862 | Vaults:3 | Reached skill level 10 in Air Magic
 67101 | Vaults:3 | HP: 5/152 [yaktaur/bolt[a vault warden] (18)]
 67589 | Vaults:3 | Found a staircase to the Crypt.
 67863 | Swamp:1  | Entered Level 1 of the Swamp
 67927 | Swamp:1  | Identified the amulet "Uhigucono" {Faith Regen+ Str+3}
 68036 | Swamp:1  | Reached skill level 1 in Shields
 70558 | Swamp:3  | Found a transporter.
 70641 | Swamp:3  | Found a transporter.
 71965 | Swamp:3  | Identified the ring of Ofotz {rC+ rCorr Str+3}
 71968 | Swamp:3  | Identified the +1 cloak of Gluttony {Rampage Will+ Str+2
                  | Dex-2}
 72019 | Swamp:4  | Entered Level 4 of the Swamp
 72579 | Swamp:4  | Gained mutation: You are completely covered in sharp
                  | spines. [demonic ancestry]
 72579 | Swamp:4  | Reached XP level 20. HP: 104/159 MP: 26/41
 72904 | Swamp:4  | Reached skill level 5 in Shields
 73316 | Swamp:4  | Noticed the 27-headed Lernaean hydra
 73320 | Swamp:4  | Killed the 27-headed Lernaean hydra
 73525 | Swamp:4  | Got a decaying rune of Zot
 74426 | Vaults:3 | Identified the +4 ring mail "Vicown" {rCorr Stlth+}
 75618 | Vaults:4 | Noticed Zenata
 75645 | Vaults:4 | Killed Zenata
 78166 | Vaults:4 | Found Peyddie's Book Emporium.
 78186 | Vaults:4 | Reached skill level 10 in Shields
 78355 | Vaults:4 | Learned a level 2 spell: Blink
 78460 | Vaults:4 | Learned a level 4 spell: Airstrike
 79004 | Elf:1    | Entered Level 1 of the Elven Halls
 79227 | Elf:1    | Noticed Asterion
 79252 | Elf:1    | Killed Asterion
 79935 | Elf:1    | Identified the +8 bardiche of Untruth {drain, rF+}
 80296 | Elf:1    | Got the Guide on the Escort
 80326 | Elf:1    | Noticed Aizul
 80335 | Elf:1    | Killed Aizul
 80931 | Elf:1    | Reached XP level 21. HP: 165/165 MP: 42/42
 82098 | Elf:2    | Paralysed by an air elemental for 1 turns
 82100 | Elf:2    | Paralysed by an air elemental for 1 turns
 82756 | Elf:2    | Paralysed by an air elemental for 1 turns
 82761 | Elf:2    | Paralysed by an air elemental for 1 turns
 82763 | Elf:2    | Paralysed by an air elemental for 1 turns
 83090 | Elf:2    | Reached skill level 5 in Evocations
 83798 | Elf:2    | Found a huge runed translucent gate.
 83798 | Elf:2    | Found a huge runed translucent gate.
 83809 | Elf:2    | Found a huge runed translucent gate.
 83946 | Elf:2    | Found a huge runed translucent gate.
 83946 | Elf:2    | Found a huge runed translucent gate.
 84045 | Elf:3    | Entered Level 3 of the Elven Halls
 84335 | Elf:3    | Identified the +11 battleaxe of Growth {vamp, rElec rN+}
 84635 | Elf:3    | Found Plog's Book Shop.
 84636 | Elf:3    | Found Eluer's Jewellery Shoppe.
 84637 | Elf:3    | Found Zutre's Book Shop.
 84648 | Elf:3    | Bought the ring "Takamat" {Fly rPois Str+3 Int-2} for 400
                  | gold pieces
 85222 | Elf:3    | Reached skill level 1 in Staves
 85799 | Elf:3    | Identified the +7 quarterstaff of Extremism {holy, Drain
                  | Fly rF+++ Str+3 Int-2}
 85985 | Elf:3    | Identified the +2 war axe "Neihyn" {flame, rF+ Stlth+}
 86218 | Elf:3    | Identified the +6 scimitar of Wuwoq {venom, rElec rC++
                  | Dex+3}
 87060 | Elf:3    | Got the Papyrus of Grandeur
 87510 | Depths:1 | Entered Level 1 of the Depths
 88813 | Depths:1 | Found a gateway to Hell.
 89096 | Depths:2 | Found a one-way gate leading to the halls of Pandemonium.
 89839 | Depths:2 | Reached XP level 22. HP: 143/172 MP: 15/43
 90019 | Depths:2 | Found a one-way gateway to a ziggurat.
 90060 | Depths:2 | Reached skill level 5 in Staves
 90680 | Depths:2 | Noticed a golden dragon
 91273 | Depths:2 | Killed a golden dragon
 91719 | Depths:3 | Noticed a juggernaut
 91721 | Depths:3 | Noticed Saint Roka
 91725 | Depths:3 | Killed from afar by Saint Roka

Illustrated notes

Levels and vault maps discovered:
D:1:      eino_arrival_druids_welcome, layout_basic,
          chequers_ecumenical_altar_simple_redux
D:2:      layout_loops_corners, uniq_terence
D:3:      layout_loops_cross, serial_glass, glass_columns_a, glass_columns_b,
          grunt_ministairs_3
D:4:      layout_basic, minmay_misc_feat_columns
D:5:      layout_loops_corners, lemuel_temple_firewalk_b, uniq_prince_ribbit1,
          uniq_duvessa, uniq_eustachio
D:6:      layout_loops_ring, kennysheep_generic_room_11
D:7:      layout_basic, lightli_ossuary_entry_decrepit_ruins,
          minmay_manual_mandibuliform
D:8:      gammafunk_indiana_jones, layout_rooms, minivault_11
D:9:      layout_grid_maze, elyvilon_altar_1, serial_shops,
          nicolae_stop_n_shop_1
D:10:     layout_basic, david_orc_3, enter_bailey_2,
          dreamdust_deal_with_the_devil, minmay_misc_feat_hallway,
          dilly_guarded_unrand_elemental_staff
D:11:     layout_basic, dpeg_oklobed_lair, serial_shops, nicolae_shop_trees
D:12:     layout_basic, hangedman_decor_opposing, fedhas_bush_and_centaur_altar
D:13:     layout_roguey, serial_glass, glass_columns_c, glass_columns_a,
          uniq_snorg
D:14:     layout_loops_ring, grunt_vaults_entry_tiered, amethyst_killhole,
          minivault_1, uniq_kirke
D:15:     hangedman_depths_entry_civil_slaughter, layout_basic, minivault_25
Temple:   mainiacjoe_temple_circle_huts
Lair:1:   layout_gridlike, infiniplex_staircase_pool_2, lemuel_fruit_tree,
          serial_bayou_shore_b, serial_bayou_shore_a
Lair:2:   layout_loops_ring, minmay_swamp_entry_wisps
Lair:3:   layout_loops_ring
Lair:4:   layout_cave_pods, spider_nest_entry_web_field
Lair:5:   dragon1_lemuel, layout_cave_pods, minmay_slime_entry_oklob_enclosed,
          portal_ice_cave_entry_pillars_2, ice2_lemuel
Lair:6:   minmay_lair_end_enchanted_forest, layout_cave_pods,
          nicolae_lair_yak_garden
Swamp:1:  layout_basic_swamp, nicolae_swamp_little_swirl, swamp_pool1,
          nicolae_swamp_soggy_hallways, infiniplex_staircase_pool
Swamp:2:  layout_basic_swamp, evilmike_swamp_ruin_house_3
Swamp:3:  gammafunk_worm_tunnel, layout_falls_marsh,
          nicolae_swamp_decorative_isthmus, nicolae_swamp_fairy_circle,
          hangedman_swamp_pad
Swamp:4:  grunt_swamp_rune_castle, layout_basic_swamp
Spider:1: layout_cave_pods, nicolae_spider_circle_web, drop_trap, uniq_roxanne,
          uniq_agnes
Spider:2: layout_spider_delve, hellmonk_motheaten_closet,
          hangedman_spider_tarantella_strand, uniq_mlioglotl
Spider:3: layout_spider_delve
Spider:4: spider_rune_water, nicolae_spider_spiderdrome
Orc:1:    layout_caves, basic_altar, mines2_david
Orc:2:    pubby_orc_utopia, uniq_azrael, uniq_nessos, uniq_jorgrun
Elf:1:    elf_arrival_002, layout_geoelf_diagonals, minmay_elf_demonology,
          minmay_misc_feat_pillars, minivault_16, uniq_asterion, uniq_aizul
Elf:2:    elven_hall_of_blades_hangedman_alternative
          [nicolae_blade_entry_pointy_end], layout_rooms, uniq_louise
Elf:3:    grunt_elf_hall_asides, layout_loops_ring, minmay_shop_grove
Vaults:1: vaults_mumra_hexcomb, v_pattern_4, ontoclasm_vaults_loading_screen,
          nicolae_vaults_rhombus_7, kb_rosetta, grunt_vaults_twisty,
          nicolae_vaults_network_square, vaults_room_semicircle,
          vaults_room_corners, layout_vaults_omnigrid
Vaults:2: ontoclasm_vaults_hangar, vaults_room_semicircle,
          gammafunk_sealed_arena, nicolae_vaults_yaktaur_gun_rack,
          ontoclasm_vaults_eye, ontoclasm_vaults_hangar,
          hangedman_vaults_impose, hangedman_vaults_river_flow,
          ontoclasm_vaults_ring_square, v_misc_8, hangedman_vaults_trim,
          ontoclasm_vaults_decontamination, layout_vaults_ring
Vaults:3: nicolae_vaults_network_barrier, vaults_mumra_lcd,
          hangedman_vaults_stretched_pinwheel, minmay_crypt_entry_simple_box,
          grunt_vaults_hallway_short, vaults_room_fours,
          vaults_room_stairs_pillars, v_misc_1, v_misc_3, vaults_room_fours,
          vaults_dpeg_cross, nicolae_vaults_shelves_hall, v_alt_pattern_5,
          nicolae_vaults_shelves_hall, layout_vaults_omnibox, serial_shops,
          nicolae_diamond_shop
Vaults:4: v_alt_pattern_6, nicolae_vaults_network_star, ontoclasm_vaults_pinch,
          hangedman_vaults_stretched_pinwheel, v_misc_4, vaults_dpeg_spiral,
          layout_vaults_big_room, serial_shops, shop_statue, uniq_zenata
Depths:1: layout_gridville, grunt_hell_entry_dis_old, amcnicky_mini_pool_small,
          serial_bayou_crossing
Depths:2: minmay_triangles_in_corner, layout_twisted_cross, ziggurat_fallback,
          grunt_mini_vestibule, rand_demon_pan_entry_9
Depths:3: minmay_the_grid_4x2 [minmay_the_grid_armoury, minmay_the_grid_doors,
          minmay_the_grid_large_cup, minmay_the_grid_holed_spiral,
          minmay_the_grid_diamond_grid, minmay_the_grid_spin_star,
          minmay_the_grid_plusring, minmay_the_grid_prize_shrinking_boxes],
          layout_cave_pools, nicolae_two_hexagons, marbit_kobold_abyss_entry,
          hell_entry, mu_enter_wizlab_6, uniq_saint_roka

Skill      XL: |  1  2  3  4  5  6  7  8  9 10 11 12 13 14 15 16 17 18 19 20 21 22 |
---------------+-------------------------------------------------------------------+-----
Conjurations   | 5 6 9 10 11 12 16 17 | 17.9
Spellcasting   | 3 4 7 10 11 12 15 17 | 17.0
Fighting       | 1 2 4 5 7 9 10 11 13 14 | 14.1
Stealth        | 2 4 |  4.0
Hexes          | 1 4 5 6 8 10 | 10.0
Dodging        | 2 5 6 |  6.0
Translocations | 4 5 |  5.0
Transmutations | 4 6 10 12 13 | 13.0
Evocations     | 3 4 7 |  7.0
Poison Magic   | 3 5 |  5.8
Air Magic      | 5 8 11 13 14 | 14.4
Summonings     | 4 |  4.7
Shields        | 4 10 13 14 | 14.7
Staves         | 4 5 |  5.0

Action                   |  1- 3 |  4- 6 |  7- 9 | 10-12 | 13-15 | 16-18 | 19-21 | 22-24 || total
-------------------------+-------+-------+-------+-------+-------+-------+-------+-------++-------
Melee: Unarmed           |     7 |       |       |       |       |       |       |       ||     7
       Dagger            |       |     1 |    31 |    14 |       |       |       |       ||    46
       Kick              |       |       |     1 |    39 |   120 |    80 |    70 |       ||   310
       Staff             |       |       |       |    98 |   303 |   194 |   210 |     1 ||   806
       Punch             |       |       |       |     1 |     2 |     3 |       |       ||     6
 Cast: Magic Dart        |    21 |    11 |    20 |    70 |   102 |    19 |     1 |     1 ||   245
       Searing Ray       |    19 |    30 |    49 |   170 |   187 |    23 |    11 |       ||   489
       Fulminant Prism   |       |       |     6 |    51 |   215 |     2 |       |       ||   274
       Iskenderun's Myst |       |       |       |       |    47 |    11 |    11 |       ||    69
       Eringya's Noxious |       |       |       |       |    19 |    68 |    21 |     1 ||   109
       Conjure Ball Ligh |       |       |       |       |       |    81 |   147 |    20 ||   248
       Iskenderun's Batt |       |       |       |       |       |     3 |       |       ||     3
       Orb of Destructio |       |       |       |       |       |    58 |   273 |    32 ||   363
       Irradiate         |       |       |       |       |       |    25 |    53 |       ||    78
       Spellforged Servi |       |       |       |       |       |     9 |    30 |       ||    39
Evoke: Wand              |       |       |       |    25 |    25 |     4 |     1 |       ||    55
  Use: Scroll            |     5 |     5 |     5 |    12 |    10 |     5 |    10 |     1 ||    53
       Potion            |       |       |     1 |     5 |     5 |     7 |     7 |       ||    25
 Stab: Distracted        |       |       |       |       |     1 |       |     2 |       ||     3
       Sleeping          |       |       |       |       |     1 |     1 |     1 |       ||     3
Armor: Robe              |     6 |     5 |    16 |   133 |   365 |   173 |   150 |     8 ||   856
Dodge: Dodged            |     9 |    18 |    38 |   255 |   472 |   234 |   238 |    13 ||  1277
Block: Other             |       |       |       |       |    97 |   102 |    19 |       ||   218
       Reflection        |       |       |       |       |     1 |     8 |     6 |       ||    15
       Buckler           |       |       |       |       |       |       |    79 |       ||    79
       Tower shield      |       |       |       |       |       |       |    66 |    20 ||    86

Table legend: (Time is in decaauts)
 A = Elapsed time spent in this place.
 B = Non-inter-level travel time spent in this place.
 C = Inter-level travel time spent in this place.
 D = Time resting spent in this place.
 E = Time spent auto-exploring this place.
 F = Levels seen in this place.
 G = Mean time per level.
                   A        B        C        D        E       F      G
               +--------+--------+--------+--------+--------+-----+--------+
         Total |  92537 |  88959 |   3578 |  42954 |  33994 |  44 | 2103.1 |
       Dungeon |  28501 |  26981 |   1520 |  11571 |  12422 |  15 | 1900.1 |
        Temple |    331 |    285 |     46 |      0 |    262 |   1 |  331.0 |
          Lair |  13809 |  13189 |    620 |   5338 |   6000 |   6 | 2301.5 |
         Swamp |   6132 |   5846 |    286 |   2794 |   2151 |   4 | 1533.0 |
   Spider Nest |  10139 |   9952 |    187 |   5962 |   2597 |   4 | 2534.8 |
  Orcish Mines |   5318 |   5110 |    208 |   2236 |   2033 |   2 | 2659.0 |
   Elven Halls |   7875 |   7777 |     98 |   4610 |   1894 |   3 | 2625.0 |
        Vaults |  14828 |  14295 |    533 |   7486 |   5080 |   4 | 3707.0 |
        Depths |   3807 |   3730 |     77 |   1767 |   1331 |   3 | 1269.0 |
        Bailey |   1313 |   1313 |      0 |    792 |    211 |   1 | 1313.0 |
      Ice Cave |    479 |    479 |      0 |    396 |      9 |   1 |  479.0 |
               +--------+--------+--------+--------+--------+-----+--------+

Top non-repeatable levels by time:
Vaults:1: 4535 daAuts
   Orc:2: 4384 daAuts
Vaults:3: 3973 daAuts
  Lair:5: 3588 daAuts
  Lair:4: 3560 daAuts
    D:14: 3486 daAuts
Vaults:4: 3416 daAuts
   Elf:1: 3351 daAuts
Spider:1: 3297 daAuts
    D:10: 3016 daAuts
   Elf:3: 2990 daAuts
Vaults:2: 2903 daAuts
    D:15: 2563 daAuts
Spider:2: 2555 daAuts
     D:3: 2378 daAuts
